 Dungeon Crawl Stone Soup version 0.22.1-2-g9c5b331 (webtiles) character file.

13 Matador8 the Insei (level 2, 0/21 HPs)
             Began as a Merfolk Transmuter on Dec 19, 2018.
             Slain by a goblin (4 damage)
             ... on level 1 of the Dungeon.
             The game lasted 00:01:24 (140 turns).

Matador8 the Insei (Merfolk Transmuter)              Turns: 140, Time: 00:01:24

Health: 0/21       AC:  2    Str: 10    XL:     2   Next: 37%
Magic:  1/5        EV: 13    Int: 12    God:
Gold:   25         SH:  0    Dex: 14    Spells: 2/5 levels left

rFire    . . .     SeeInvis .     - Unarmed
rCold    . . .     Gourm    .   (no shield)
rNeg     . . .     Faith    .   b - +0 robe
rPois    .         Spirit   .   (no helmet)
rElec    .         Reflect  .   (no cloak)
rCorr    .         Harm     .   (no gloves)
MR       .....                  (no boots)
Stlth    +.........             (no amulet)
HPRegen  0.07/turn              (no ring)
MPRegen  0.09/turn              (no ring)

@: no status effects
A: change form in water, swift swim, stealthy swim
a: no special abilities


You were on level 1 of the Dungeon.
You were not hungry.

You visited 1 branch of the dungeon, and saw 1 of its levels.

You collected 25 gold pieces.

Inventory:

Missiles
 a - 9 arrows
Armour
 b - a +0 robe (worn)
Scrolls
 c - a scroll of fog {unknown}
 e - 2 scrolls of remove curse {unknown}
 f - a scroll of enchant weapon {unknown}
 h - a scroll of identify {unknown}
Comestibles
 d - a ration
 g - 5 chunks of flesh


   Skills:
 - Level 1.1 Fighting
 - Level 2.6 Dodging
 + Level 3.7 Unarmed Combat
 - Level 2.0 Spellcasting
 + Level 3.4 Transmutations


You had 2 spell levels left.
You knew the following spells:

 Your Spells              Type           Power        Failure   Level  Hunger
a - Beastly Appendage     Tmut           #.....       7%          1    ##.....
b - Sticks to Snakes      Tmut           #.......     10%         2    ###....

Your spell library contained the following spells:

 Spells                   Type           Power        Failure   Level  Hunger
 Spider Form              Tmut/Pois      #.........   38%         3    ####...
 Ice Form                 Ice/Tmut       #.......     80%         4    #####..
 Blade Hands              Tmut           #.........   88%         5    ######.


Dungeon Overview and Level Annotations

Branches:
Dungeon (1/15)

Altars:


Message History

Your ball python closely misses the bat.
You hit the bat but do no damage. The bat closely misses you.
Your ball python barely misses the bat.
Your ball python misses the bat.
Your ball python closely misses the bat.
Your ball python grabs the bat.
Your ball python constricts the bat.
The bat struggles to escape constriction.
You punch the bat!
You kill the bat!
The goblin completely misses your ball python.
The goblin hits your ball python.
Your ball python closely misses the goblin.
Your ball python grabs the goblin.
Your ball python constricts the goblin.
Your ball python bites the goblin.
Your ball python constricts the goblin.
The goblin hits your ball python.
Your ball python dies!
Your magical contamination has completely faded away.
Casting: Sticks to Snakes (safe; 10% risk of failure)
Confirm with . or Enter, or press ? or * to list all spells.
You create a snake!
You now have 9 arrows.
The goblin hits you.
You die...

..>....................
.......................
###>.......†.##.##.###
#.....[....##.##.#
#..........##....#
#####..##..##..###
#..##..##...#
#..##g......#####
#..##@...........
#..##...)........
#..#..S..........
###+####..#.............
#.....##..#.....>.......
#.....#.................
+..8..'..........)......
#.....##................
#.....#...........#.....


You could see a goblin and a friendly adder.

Vanquished Creatures
  An ooze (D:1)
  A dart slug (D:1)
  A leopard gecko (D:1)
  A bat (D:1)
  A frilled lizard (D:1)
  2 goblins (D:1)
7 creatures vanquished.

Notes
Turn   | Place    | Note
-------+----------+-------------------------------------------
     0 | D:1      | Matador8 the Merfolk Transmuter began the quest for the
                  | Orb.
     0 | D:1      | Reached XP level 1. HP: 15/15 MP: 3/3
    46 | D:1      | Reached XP level 2. HP: 7/21 MP: 5/5
    56 | D:1      | Learned a level 2 spell: Sticks to Snakes
   140 | D:1      | Slain by a goblin

Skill      XL: |  1 |
---------------+----+-----
Transmutations | 3 |  3.4
Fighting       | |  1.1
Dodging        | |  2.6
Unarmed Combat | |  3.7
Spellcasting   | |  2.0

Action                   || total
-------------------------++-------
Melee: Unarmed           ||    25
       Headbutt          ||     2
 Cast: Beastly Appendage ||     3
       Sticks to Snakes  ||     3
Armor: Robe              ||     6
Dodge: Dodged            ||    27
